 Dungeon Crawl Stone Soup version 0.19.1 (webtiles) character file.

1823 Ice the Cruncher (level 8, -3/68 HPs)
             Began as a Minotaur Berserker on Dec 7, 2016.
             Was an Elder of Trog.
             Killed by nerve-wracking pain
             ... invoked by a shadow imp
              (5 damage)
             ... on level 6 of the Dungeon.
             The game lasted 00:19:50 (4352 turns).

Ice the Cruncher (Minotaur Berserker)               Turns: 4352, Time: 00:19:50

Health: -3/68      AC: 13    Str: 22    XL:     8   Next: 85%
Magic:  0/7        EV: 10    Int:  4    God:    Trog [****..]
Gold:   343        SH:  0    Dex: 12    Spells: 0 memorised, 7 levels left

rFire  . . .     SeeInvis .     u - +0 lajatang
rCold  . . .     Gourm    .     l - +2 chain mail
rNeg   . . .     Faith    .     (shield currently unavailable)
rPois  .         Spirit   +     (helmet restricted)
rElec  .         Reflect  .     (no cloak)
rCorr  .         Harm     .     k - +0 pair of gloves
MR     .....                    w - +0 pair of boots (curse)
Stlth  ..........               t - amulet of guardian spirit
                                (no ring)
                                s - ring of stealth

@: no status effects
A: retaliatory headbutt, horns 2
a: Berserk, Trog's Hand, Brothers in Arms, Burn Spellbooks, Renounce Religion


You were on level 6 of the Dungeon.
You worshipped Trog.
Trog was greatly pleased with you.
You were not hungry.

You visited 1 branch of the dungeon, and saw 6 of its levels.

You collected 343 gold pieces.

Inventory:

Hand Weapons
 g - a +0 short sword
 u - a +0 lajatang (weapon)
 C - a cursed -1 dagger
 E - a +0 shortbow
 M - a +0 antimagic whip
 Q - a +5 morningstar
Missiles
 b - 120 stones
 j - 14 poisoned needles
 n - 40 arrows
 A - a tomahawk (quivered)
 G - 31 bolts
 K - 19 sling bullets
Armour
 k - a +0 pair of gloves (worn)
 l - a +2 chain mail (worn)
 w - a cursed +0 pair of boots (worn)
Jewellery
 s - a ring of stealth (left hand)
 t - an amulet of guardian spirit (around neck)
 L - a cursed ring of teleportation {unknown}
 O - an uncursed ring of wizardry {unknown}
Wands
 J - a wand of lightning (6/15)
 N - a wand of iceblast (10/15)
Scrolls
 i - 2 scrolls of amnesia {unknown}
 m - a scroll of fear {unknown}
 p - 2 scrolls of blinking {unknown}
 q - a scroll of teleportation {unknown}
 y - 4 scrolls of remove curse {unknown}
 B - 3 scrolls of enchant weapon {unknown}
 D - a scroll of fog {unknown}
 I - a scroll of recharging {unknown}
Potions
 a - a potion of agility {unknown}
 e - 4 potions of curing
 h - a potion of cure mutation {unknown}
 o - 2 potions of mutation
 z - 2 potions of might {unknown}
 F - a potion of lignification {unknown}
 H - 2 potions of degeneration {unknown}
Comestibles
 c - 3 bread rations
 d - a beef jerky
 f - 6 fruits
 v - a slice of pizza
 x - a meat ration
 P - 11 chunks of flesh


   Skills:
 - Level 5.1 Fighting
   Level 3.6 Axes
 + Level 11.9 Staves
 - Level 2.4 Armour
 - Level 5.0 Dodging


You had 7 spell levels left.
You didn't know any spells.

Dungeon Overview and Level Annotations

Branches:
Dungeon (6/15)             Temple (0/1) D:6

Altars:
Ashenzari
Gozag
Nemelex Xobeh
Okawaru
Qazlal
Trog
Yredelemnul


Innate Abilities, Weirdness & Mutations

You reflexively headbutt those who attack you in melee.
You have a pair of horns on your head.


Message History

Things that are here:
an enchanted falchion; a robe The orc priest miscasts a cantrip.
The orc priest calls down the wrath of Beogh upon you.
Pain shoots through your body!
There is an open door, spattered with blood here.
The orc priest calls down the wrath of Beogh upon you.
Beogh smites you!
* * * LOW HITPOINT WARNING * * *
Things that are here:
a dagger; a robe Drop what? 43/52 slots (_ for help) (? for menu, Esc to quit)
You drop a book of Misfortune.
The orc warrior hits you with a battleaxe!!
* * * LOW HITPOINT WARNING * * *
The spellbook bursts into flames.
Trog is delighted!
The orc warrior is engulfed in roaring flames.
The shadow imp gestures at you. Pain shoots through your body!
You die...

.........#........
.......#.......#
#.....#..####.#
######+###.....#..#....#
#..............#..#.##..
#.............[#..#.#..)
#..............'......_.
#...##..##...###.###....
#...##.@####+#...# #...#
#......o.....#...# ###.)
#............#...# #.#
#............#...### #..
#..5ยง........#.....#....
#..o##########.....##+##
#..o###...........##...#
#...).'.o.o.......#.....
#....)#...........#..)).


You could see an orc warrior, an orc priest, a shadow imp and an orc.

Vanquished Creatures
  Eustachio (D:6)
  A water moccasin (D:4)
  Duvessa (D:6)
  2 eyes of draining (D:5)
  2 ice beasts (D:5)
  An ogre (D:5)
  A centaur (D:4)
  Blork the orc (D:6)
  A water moccasin zombie (D:5)
  Dowan (D:6)
  4 wights (D:6)
  2 crimson imps (D:6)
  3 orc wizards
  A bullfrog skeleton (D:5)
  An orc priest (D:4)
  Jessica (D:3)
  An iguana (D:4)
  4 worker ants (D:4)
  A hound skeleton (D:5)
  A hound zombie (D:6)
  A worker ant zombie (D:5)
  A gnoll (D:5)
  9 adders
  2 shadow imps
  4 worms
  4 dart slugs
  4 leopard geckos
  9 orcs
  2 ball pythons
  8 giant cockroaches
  2 gnoll zombies (D:3)
  8 goblins
  7 hobgoblins
  11 jackals
  3 quokkas
  13 bats
  7 frilled lizards
  8 kobolds
  A leopard gecko skeleton (D:5)
  A quokka skeleton (D:4)
  A quokka zombie (D:6)
  9 rats
146 creatures vanquished.

Notes
Turn   | Place    | Note
-------+----------+-------------------------------------------
     0 | D:1      | Ice the Minotaur Berserker began the quest for the Orb.
     0 | D:1      | Reached XP level 1. HP: 19/19 MP: 0/0
   181 | D:1      | Reached XP level 2. HP: 26/26 MP: 1/1
   500 | D:1      | You fall through a shaft!
   706 | D:1      | Reached XP level 3. HP: 30/31 MP: 2/2
   978 | D:2      | Reached ** piety under Trog
  1007 | D:2      | Found a sparkling altar of Nemelex Xobeh.
  1333 | D:2      | Reached XP level 4. HP: 39/39 MP: 3/3
  1522 | D:2      | Reached skill level 5 in Dodging
  1704 | D:3      | Found a shattered altar of Ashenzari.
  1921 | D:3      | Reached *** piety under Trog
  2080 | D:3      | Reached XP level 5. HP: 46/47 MP: 4/4
  2126 | D:3      | Noticed Jessica
  2133 | D:3      | Killed Jessica
  2133 | D:3      | Reached skill level 5 in Fighting
  2210 | D:3      | Found a basalt altar of Yredelemnul.
  2274 | D:3      | You fall through a shaft!
  2282 | D:4      | Reached skill level 1 in Staves
  2289 | D:4      | Reached skill level 2 in Staves
  2364 | D:4      | Reached skill level 3 in Staves
  2407 | D:4      | Reached XP level 6. HP: 56/56 MP: 5/5
  2672 | D:4      | Reached skill level 4 in Staves
  2959 | D:4      | Noticed a water moccasin
  2969 | D:4      | Reached skill level 5 in Staves
  2977 | D:4      | Killed a water moccasin
  2977 | D:4      | Reached skill level 6 in Staves
  3026 | D:4      | Reached XP level 7. HP: 36/61 MP: 6/6
  3251 | D:5      | Entered Level 5 of the Dungeon
  3273 | D:5      | Found an opulent altar of Gozag.
  3366 | D:5      | Reached skill level 7 in Staves
  3394 | D:5      | Reached skill level 8 in Staves
  3736 | D:5      | Reached skill level 9 in Staves
  3736 | D:5      | Reached XP level 8. HP: 68/68 MP: 0/7
  3773 | D:5      | Found a bloodstained altar of Trog.
  3780 | D:5      | Reached **** piety under Trog
  3824 | D:5      | Found a stormy altar of Qazlal.
  4041 | D:6      | Reached skill level 10 in Staves
  4068 | D:6      | Found a staircase to the Ecumenical Temple.
  4121 | D:6      | Found an iron altar of Okawaru.
  4133 | D:6      | Noticed Blork the orc
  4134 | D:6      | Noticed Eustachio
  4154 | D:6      | Killed Blork the orc
  4183 | D:6      | Killed Eustachio
  4229 | D:6      | Noticed Duvessa
  4231 | D:6      | Noticed Dowan
  4235 | D:6      | Killed Duvessa
  4235 | D:6      | Reached skill level 11 in Staves
  4238 | D:6      | Killed Dowan
  4347 | D:6      | HP: 1/68 [orc warrior/battleaxe (16)]
  4352 | D:6      | Killed from afar by a shadow imp

Skill      XL: |  1  2  3  4  5  6  7  8 |
---------------+-------------------------+-----
Dodging        | 3 4 5 |  5.0
Fighting       | 4 5 |  5.1
Staves         | 3 6 9 11 | 11.9
Axes           | |  3.6
Armour         | |  2.4

Action                   |  1- 3 |  4- 6 |  7- 9 || total
-------------------------+-------+-------+-------++-------
Melee: Hand axe          |    95 |    43 |       ||   138
       Headbutt          |    17 |    19 |    25 ||    61
       Lajatang          |       |    86 |   120 ||   206
       Whip              |       |       |    16 ||    16
 Fire: Shortbow          |       |       |    57 ||    57
Throw: Stone             |    51 |    45 |     1 ||    97
       Tomahawk          |    26 |    48 |    11 ||    85
Invok: Burn Spellbooks   |       |       |     1 ||     1
  Use: Scroll            |       |     7 |     1 ||     8
  Eat: Chunk             |     1 |     6 |     4 ||    11
Armor: Ring mail         |    12 |       |       ||    12
       Chain mail        |    49 |    83 |    62 ||   194
Dodge: Dodged            |    54 |    61 |    54 ||   169
